 Dungeon Crawl Stone Soup version 0.22.1-1-ga44c0e56f4 (webtiles) character file.

5078 Jynx the Transmogrifier (level 10, -8/122 HPs)
             Began as an Octopode Transmuter on Nov 5, 2018.
             Was a Follower of Ashenzari.
             Mangled by a wolf (11 damage)
             ... led by Grum
             ... on level 8 of the Dungeon.
             The game lasted 00:22:34 (11535 turns).

Jynx the Transmogrifier (Octopode Transmuter)      Turns: 11535, Time: 00:22:34

Health: -8/122     AC:  6    Str: 14    XL:     10   Next: 56%
Magic:  26/26      EV: 11    Int: 15    God:    Ashenzari [*.....]
Gold:   588        SH:  0    Dex: 25    Spells: 9/19 levels left

rFire    x . .     SeeInvis .     - Unarmed
rCold    + + +     Gourm    .   (shield currently unavailable)
rNeg     . . .     Faith    .   (helmet currently unavailable)
rPois    +         Spirit   .   (no amulet)
rElec    .         Reflect  .   d - ring of magical power (curse)
rCorr    .         Harm     .   n - ring of poison resistance (curse)
MR       +++..                  w - ring of Irhaem {*Slow +Fly rPois MR+++ Dex+8}
Stlth    ..........             (no ring)
HPRegen  0.30/turn              (no ring)
MPRegen  0.20/turn              (no ring)
                                (no ring)
                                (no ring)

@: berserking, about to teleport, ice-form, very quick
A: large, almost no armour, stealthy swim, amphibious, 8 rings, (constrict 8)
a: End Transformation, Curse Item, Scrying, Renounce Religion, Evoke Flight


You were on level 8 of the Dungeon.
You worshipped Ashenzari.
Ashenzari was aware of your devotion.
You were not hungry.
You were a creature of crystalline ice.
You visited 2 branches of the dungeon, and saw 10 of its levels.
You also visited: Bailey.

You collected 588 gold pieces.

Inventory:

Missiles
 a - 64 arrows
Jewellery
 d - a cursed ring of magical power (left front paw)
 n - a cursed ring of poison resistance (right front paw)
 w - the ring of Irhaem (on tentacle) {*Slow +Fly rPois MR+++ Dex+8}
   (You found it on level 8 of the Dungeon)

   [ring of flight]

   It affects your dexterity (+8).
   It protects you from poison.
   It affects your resistance to hostile enchantments.
   It lets you fly.
   It may slow you when you take damage.
Wands
 t - a wand of polymorph (11)
Scrolls
 b - a scroll of identify
 f - 3 scrolls of amnesia
 i - a scroll of magic mapping {unknown}
 j - 3 scrolls of teleportation
 l - a scroll of immolation {unknown}
 p - a scroll of fear {unknown}
 q - a scroll of enchant weapon {unknown}
 y - a scroll of noise {unknown}
 z - a scroll of remove curse
Potions
 e - a potion of brilliance {unknown}
 g - a potion of invisibility {unknown}
 h - 2 potions of resistance
 k - a potion of magic {unknown}
 m - 2 potions of haste
 o - a potion of curing {unknown}
 r - a potion of cancellation {unknown}
 s - a potion of heal wounds {unknown}
 v - a potion of agility {unknown}
 x - a potion of berserk rage
 A - a potion of flight
Comestibles
 c - 11 rations
 u - a chunk of flesh


   Skills:
 + Level 6.2 Fighting
 - Level 2.0 Dodging
 * Level 9.4 Unarmed Combat
 - Level 5.0 Spellcasting
 + Level 9.8 Transmutations


You had 9 spell levels left.
You knew the following spells:

 Your Spells              Type           Power        Failure   Level  Hunger
a - Beastly Appendage     Tmut           ####..       1%          1    None
b - Sticks to Snakes      Tmut           ####....     1%          2    ##.....
c - Spider Form           Tmut/Pois      ###.......   7%          3    ###....
d - Ice Form              Ice/Tmut       ###.....     22%         4    ####...

Your spell library contained the following spells:

 Spells                   Type           Power        Failure   Level  Hunger
 Blade Hands              Tmut           ####......   9%          5    ######.


Dungeon Overview and Level Annotations

Branches:
Dungeon (9/15)             Temple (1/1) D:4
   Lair: D:8-11         Orc: D:9-12

Altars:
Ashenzari
Cheibriados
Dithmenos
Elyvilon
Fedhas
Gozag
Hepliaklqana
Kikubaaqudgha
Makhleb
Nemelex Xobeh
Okawaru
Qazlal
Ru
Sif Muna
Trog
Uskayaw
Vehumet
Wu Jian
Xom
Yredelemnul
Zin
The Shining One


Innate Abilities, Weirdness & Mutations

You cannot wear most types of armour.
You are very stealthy in the water. (Stealth+)
You are amphibious.
You can wear up to eight rings at the same time.
((You can use your tentacles to constrict eight enemies at once.))
((Your skin changes colour to match your surroundings (Stealth+).))
((Your rubbery body absorbs attacks. (AC +1, EV +1)))


Message History

* * * LOW HITPOINT WARNING * * *
You barely miss the wolf.
The wolf is moderately wounded.
The wolf bites you.
* * * LOW HITPOINT WARNING * * *
The wolf bites you.
* * * LOW HITPOINT WARNING * * *
The wolf closely misses you.
Okay, then.
As you read the scroll of teleportation, it crumbles to dust.
You feel strangely unstable. The wolf misses you. The wolf closely misses you.
The wolf bites you!
* * * LOW HITPOINT WARNING * * *
It was a potion of berserk rage.
A red film seems to cover your vision as you go berserk!
You feel yourself moving faster!
You feel mighty! The wolf bites you but does no damage.
The wolf closely misses you. The wolf barely misses you.
The wolf closely misses you.
You closely miss the wolf. The wolf bites you!
You die...

.≈§≈§§≈...[.# #...#.#
≈≈§§≈≈§.....# #.#.#.#
§≈≈≈§≈§§....# #.#.#.#
≈§≈≈≈.......###.#..<#
≈≈≈.........##..#...#
............#..##..##
.[...##..###..###..#
.#######.###.###.h.# ##
#.##..# #Y#.#
#.##.####h#.#
##....#....#.# ##
###..###)[####.#
.####....# #.## #.#
....(.##.###.# #.##
......##...#.#####..######
..###....#.#.##..........#
..# ####.#...##..........#


You could see 2 wolves.

Vanquished Creatures
  An unseen horror (D:7)
  Pikel (D:8)
  4 hogs (D:7)
  Grum (D:9)
  A human (D:7)
  Duvessa (D:7)
  3 orc warriors
  3 ice beasts
  2 sky beasts (D:8)
  A black bear (D:6)
  2 phantoms
  A slave (D:8)
  3 ogres
  A wolf (D:9)
  2 centaurs
  3 bullfrogs
  Dowan (D:7)
  2 howler monkeys
  5 crimson imps
  5 hounds
  A gnoll shaman (D:5)
  3 jellies
  4 orc priests
  7 orc wizards
  2 iguanas
  5 worker ants
  2 hound skeletons
  A hound zombie (D:6)
  13 gnolls
  A howler monkey skeleton (D:8)
  6 adders
  4 shadow imps
  An ooze (D:4)
  An adder zombie (D:6)
  An adder skeleton (D:5)
  2 dart slugs
  4 leopard geckos
  30 orcs
  A ball python (D:2)
  4 bats
  4 giant cockroaches
  6 goblins
  4 hobgoblins
  6 jackals
  A kobold (D:1)
  6 quokkas
  5 frilled lizards
  A giant cockroach zombie (D:6)
  2 rats (D:3)
171 creatures vanquished.

Vanquished Creatures (collateral kills)
  2 ogres (D:4)
  A quokka skeleton (D:4)
3 creatures vanquished.

Vanquished Creatures (others)
  A plant (D:5)
1 creature vanquished.

Grand Total: 175 creatures vanquished

Notes
Turn   | Place    | Note
-------+----------+-------------------------------------------
     0 | D:1      | Jynx the Octopode Transmuter began the quest for the Orb.
     0 | D:1      | Reached XP level 1. HP: 13/13 MP: 3/3
   224 | D:1      | Reached XP level 2. HP: 15/18 MP: 3/5
   910 | D:2      | Reached XP level 3. HP: 14/23 MP: 4/6
  1397 | D:2      | Learned a level 2 spell: Sticks to Snakes
  1401 | D:2      | Learned a level 3 spell: Spider Form
  1551 | D:3      | Found an opulent altar of Gozag.
  1844 | D:3      | Reached XP level 4. HP: 22/28 MP: 6/8
  2330 | D:4      | Noticed an ogre
  3032 | D:4      | Reached XP level 5. HP: 11/33 MP: 9/9
  3494 | D:4      | Noticed a phantom
  3544 | D:4      | Killed a phantom
  3665 | D:4      | Killed an ogre
  3665 | D:4      | Reached skill level 5 in Transmutations
  3794 | D:4      | Found a staircase to the Ecumenical Temple.
  3805 | D:4      | Reached XP level 6. HP: 22/38 MP: 11/11
  4210 | Temple   | Entered the Ecumenical Temple
  4539 | Temple   | Became a worshipper of Ashenzari the Shackled
  4728 | D:4      | Learned a level 4 spell: Ice Form
  4987 | D:5      | Entered Level 5 of the Dungeon
  5389 | D:5      | Reached XP level 7. HP: 43/43 MP: 13/13
  7002 | D:5      | Reached skill level 5 in Spellcasting
  7002 | D:5      | Reached XP level 8. HP: 6/48 MP: 15/15
  8391 | D:6      | Reached skill level 5 in Unarmed Combat
  8913 | D:7      | Reached XP level 9. HP: 50/57 MP: 16/16
  9298 | D:7      | Noticed Duvessa
  9302 | D:7      | Noticed Dowan
  9309 | D:7      | Killed Duvessa
  9312 | D:7      | Killed Dowan
  9807 | D:7      | Reached * piety under Ashenzari
  9941 | D:7      | Killed an unseen horror
 10213 | D:7      | Reached skill level 5 in Fighting
 10219 | D:7      | Reached XP level 10. HP: 65/66 MP: 17/17
 11103 | D:8      | Noticed Pikel
 11120 | D:8      | Killed Pikel
 11199 | D:8      | Noticed a lindwurm
 11239 | D:8      | Identified the ring of Irhaem {*Slow +Fly rPois MR+++
                  | Dex+8}
 11335 | D:8      | Found a flagged portal.
 11345 | Bailey   | Entered a bailey
 11352 | Bailey   | Noticed an orc knight
 11475 | D:8      | Noticed a lindwurm
 11514 | D:9      | Noticed Grum
 11526 | D:9      | Killed Grum
 11533 | D:8      | HP: 2/81 [wolf[Grum] (10)]
 11535 | D:8      | Mangled by a wolf

Skill      XL: |  1  2  3  4  5  6  7  8  9 10 |
---------------+-------------------------------+-----
Transmutations | 3 4 5 6 7 8 9 |  9.8
Spellcasting   | 3 4 5 |  5.0
Fighting       | 3 5 6 |  6.2
Unarmed Combat | 5 8 9 |  9.4
Dodging        | |  2.0

Action                   |  1- 3 |  4- 6 |  7- 9 | 10-12 || total
-------------------------+-------+-------+-------+-------++-------
Melee: Unarmed           |    51 |    72 |   275 |   121 ||   519
       Constrict         |    19 |    14 |    16 |     4 ||    53
       Kick              |    10 |    17 |    15 |     4 ||    46
       Tentacles         |    12 |    14 |    13 |     2 ||    41
       Punch             |     3 |     2 |     4 |     1 ||    10
 Cast: Beastly Appendage |    20 |    20 |     9 |     4 ||    53
       Spider Form       |       |     3 |       |       ||     3
       Sticks to Snakes  |       |    23 |       |       ||    23
       Ice Form          |       |       |    26 |    10 ||    36
Invok: Curse Item        |       |       |     2 |       ||     2
  Use: Scroll            |     2 |     2 |       |     3 ||     7
       Potion            |       |       |       |     1 ||     1
 Stab: Sleeping          |     5 |     1 |     1 |     1 ||     8
       Distracted        |       |     1 |       |       ||     1
  Eat: Chunk             |     3 |     3 |    10 |     8 ||    24
       Ration            |       |     3 |     3 |       ||     6
Armor: Skin              |     5 |     4 |    54 |    18 ||    81
Dodge: Dodged            |    30 |    39 |    99 |    50 ||   218
